Workbook

Sheet Drenagem trecho 2
A1: Planilha de Orçamento GLOBAL | E1: Atualizado: | F1: 45708
A2: 14.2024 - CANALIZAÇÃO RUA DO TANQUE E PAIM FILHO - trecho 02
A3: Obra: Canalização trecho da rua do Tanque e trecho da Rua Pain Filho - Centro
A4: Cliente: Município de Lagoa Vermelha
A5: Base SINAPI 01/26 SICRO 01/24 | D5: Preço Unitário/Preço Total | H5: NÃO ALTERAR VALORES | M5: SINAPI 01/26
A6: Item/Descrição | B6: Qtd. | C6: Un | D6: Material | E6: Mão-de-Obra | F6: Total | H6: BDI | I6: Valor referencia ANTIGO02/25 | K6: portentagens | M6: Valor referencia 01/2026 | N6: VALOR ATUALIZADO COM BDI
A7: 1. SERVIÇOS INICIAIS | N7: MAT. | O7: M.O.
A8: 103689 FORNECIMENTO E INSTALAÇÃO DE PLACA DE OBRA COM CHAPA GALVANIZADA E ESTRUTUR A DE MADEIRA. AF_03/2022_PS | B8: 3 | C8: M2 | D8: =N8 -> 449.68 | E8: =O8 -> 41.71 | H8: 1.2085 | I8: 420.83 | J8: 39.04 | K8: =I8/(I8+J8) -> 0.91510644 | L8: =J8/(I8+J8) -> 0.084893557 | M8: 406.62 | N8: =TRUNC(H8*K8*M8,2) -> 449.68 | O8: =TRUNC(H8*L8*M8,2) -> 41.71
D9: =TRUNC(B8*D8,2) -> 1349.04 | E9: =TRUNC(B8*E8,2) -> 125.13 | F9: =D9+E9 -> 1474.17
A10: 90777 ENGENHEIRO CIVIL DE OBRA JUNIOR COM ENCARGOS COMPLEMENTARES | B10: 288 | C10: H | D10: =N10 -> 0.97 | E10: =O10 -> 154.86 | H10: 1.2085 | I10: 0.75 | J10: 119.47 | K10: =I10/(I10+J10) -> 0.0062385626 | L10: =J10/(I10+J10) -> 0.99376144 | M10: 128.95 | N10: =TRUNC(H10*K10*M10,2) -> 0.97 | O10: =TRUNC(H10*L10*M10,2) -> 154.86
D11: =TRUNC(B10*D10,2) -> 279.36 | E11: =TRUNC(B10*E10,2) -> 44599.68 | F11: =D11+E11 -> 44879.04
C13: Un | D13: Material | E13: Mão-de-Obra | F13: Total
A14: Total de SERVIÇOS INICIAIS | D14: =D9+D11 -> 1628.4 | E14: =E9+E11 -> 44724.81 | F14: =F9+F11 -> 46353.21 | G14: =D14+E14 -> 46353.21
A16: 2. REMOÇÃO PAVIMENTOS E SINALIZAÇÃO
A17: 99063 LOCAÇÃO DE REDE DE ÁGUA OU ESGOTO. AF_10/2018 | B17: 528 | C17: M | D17: =N17 -> 2.74 | E17: =O17 -> 8.47 | H17: 1.2085 | I17: 2.22 | J17: 6.86 | K17: =I17/(I17+J17) -> 0.24449339 | L17: =J17/(I17+J17) -> 0.75550661 | M17: 9.28 | N17: =TRUNC(H17*K17*M17,2) -> 2.74 | O17: =TRUNC(H17*L17*M17,2) -> 8.47
D18: =TRUNC(B17*D17,2) -> 1446.72 | E18: =TRUNC(B17*E17,2) -> 4472.16 | F18: =D18+E18 -> 5918.88
A19: 101817 RECOMPOSICAO DE PAVIMENTO EM PARALELEPÍPEDOS, REJUNTAMENTO COM PÓ DE PEDRA, COM REAPROVEITAMENTO DOS PARALELEPÍPEDOS, PARA O FECHAMENTO DE VALAS - INCLUSO RETIRADA E COLOCAÇÃO DO MATERIAL. AF_12/2020 | B19: 2208.81 | C19: M2 | D19: =N19 -> 20.32 | E19: =O19 -> 43.92 | H19: 1.2085 | I19: 16.61 | J19: 35.9 | K19: =I19/(I19+J19) -> 0.3163207 | L19: =J19/(I19+J19) -> 0.6836793 | M19: 53.16 | N19: =TRUNC(H19*K19*M19,2) -> 20.32 | O19: =TRUNC(H19*L19*M19,2) -> 43.92
D20: =TRUNC(B19*D19,2) -> 44883.01 | E20: =TRUNC(B19*E19,2) -> 97010.93 | F20: =D20+E20 -> 141893.94
A21: S00013244 CONE DE SINALIZACAO EM PVC RIGIDO COM FAIXA REFLETIVA, H = 70 / 76 CM COR VERMELHA OU LARANJADO (APÓS O USO, CONES ENTREGUES AO MUNICÍPIO SECRETARIA DE OBRAS NO ESTADO QUE SE ENCONTRAM) | B21: 30 | C21: UN | D21: =N21 -> 67.55 | E21: =O21 -> 0 | H21: 1.2085 | I21: 55.9 | J21: 0 | K21: =I21/(I21+J21) -> 1 | L21: =J21/(I21+J21) -> 0 | M21: 55.9 | N21: =TRUNC(H21*K21*M21,2) -> 67.55 | O21: =TRUNC(H21*L21*M21,2) -> 0
D22: =TRUNC(B21*D21,2) -> 2026.5 | E22: =TRUNC(B21*E21,2) -> 0 | F22: =D22+E22 -> 2026.5
A23: SICRO 5213842 Fita zebrada para dispositivos de canalização de trânsito - fornecimento, implantação e retirada | B23: 2000 | C23: M | D23: =N23 -> 0.16 | E23: =O23 -> 0 | H23: 1.2085 | I23: 0.12 | J23: 0 | K23: =I23/(I23+J23) -> 1 | L23: =J23/(I23+J23) -> 0 | M23: 0.14 | N23: =TRUNC(H23*K23*M23,2) -> 0.16 | O23: =TRUNC(H23*L23*M23,2) -> 0
D24: =TRUNC(B23*D23,2) -> 320 | E24: =TRUNC(B23*E23,2) -> 0 | F24: =D24+E24 -> 320
C26: Un | D26: Material | E26: Mão-de-Obra | F26: Total
A27: Total de REMOÇÃO PAVIMENTOS E SINALIZAÇÃO | D27: =D18+D20+D22+D24 -> 48676.23 | E27: =E18+E20+E22+E24 -> 101483.09 | F27: =F18+F20+F22+F24 -> 150159.32 | G27: =D27+E27 -> 150159.32
A29: 3. ESCAVAÇÃO E CONFORMAÇÃO LEITO DE DRENAGEM PARA TUBULAÇÃO E CAIXAS
A30: 90095 ESCAVAÇÃO MECANIZADA DE VALA COM PROF. MAIOR QUE 3,0 M ATÉ 4,5 M (MÉDIA MON TANTE E JUSANTE/UMA COMPOSICAO POR TRECHO), ESCAVADEIRA (1,2 M3), LARG. DE 1,5 M A 2,5 M, EM SOLO DE 1A CATEGORIA, LOCAIS COM BAIXO NÍVEL DE INTERFERÊNCIA. AF_02/2021 | B30: 3618.8 | C30: M3 | D30: =N30 -> 4.99 | E30: =O30 -> 1.65 | H30: 1.2085 | I30: 4.51 | J30: 1.49 | K30: =I30/(I30+J30) -> 0.75166667 | L30: =J30/(I30+J30) -> 0.24833333 | M30: 5.5 | N30: =TRUNC(H30*K30*M30,2) -> 4.99 | O30: =TRUNC(H30*L30*M30,2) -> 1.65
D31: =TRUNC(B30*D30,2) -> 18057.81 | E31: =TRUNC(B30*E30,2) -> 5971.02 | F31: =D31+E31 -> 24028.83
A32: 102276 ESCAVAÇÃO MECANIZADA DE VALA COM PROF. ATÉ 1,5 M (MÉDIA MONTANTE E JUSANTE/ UMA COMPOSICAO POR TRECHO), ESCAVADEIRA (0,8 M3), LARG. MENOR QUE 1,5 M, EM SOLO DE 1A CAT EGORIA, EM LOCAIS COM ALTO NÍVEL DE INTERFERÊNCIA. AF_02/2021 | B32: 1523.55 | C32: M3 | D32: =N32 -> 9.41 | E32: =O32 -> 3.77 | H32: 1.2085 | I32: 8.54 | J32: 3.42 | K32: =I32/(I32+J32) -> 0.71404682 | L32: =J32/(I32+J32) -> 0.28595318 | M32: 10.91 | N32: =TRUNC(H32*K32*M32,2) -> 9.41 | O32: =TRUNC(H32*L32*M32,2) -> 3.77
D33: =TRUNC(B32*D32,2) -> 14336.6 | E33: =TRUNC(B32*E32,2) -> 5743.78 | F33: =D33+E33 -> 20080.38
A34: 93588 TRANSPORTE COM CAMINHÃO BASCULANTE DE 10 M³, EM VIA URBANA EM LEITO NATURAL (UNIDADE: M3XKM). AF_07/2020 | B34: 1136.34 | C34: M3XKM | D34: =N34 -> 3.54 | E34: =O34 -> 0.53 | H34: 1.2085 | I34: 2.85 | J34: 0.43 | K34: =I34/(I34+J34) -> 0.86890244 | L34: =J34/(I34+J34) -> 0.13109756 | M34: 3.38 | N34: =TRUNC(H34*K34*M34,2) -> 3.54 | O34: =TRUNC(H34*L34*M34,2) -> 0.53
D35: =TRUNC(B34*D34,2) -> 4022.64 | E35: =TRUNC(B34*E34,2) -> 602.26 | F35: =D35+E35 -> 4624.9
A36: 88316 SERVENTE COM ENCARGOS COMPLEMENTARES - conformação de berço para tubos e caixas 0,1h/m2 | B36: 268.8 | C36: H | D36: =N36 -> 2.38 | E36: =O36 -> 25.99 | H36: 1.2085 | I36: 1.94 | J36: 21.14 | K36: =I36/(I36+J36) -> 0.084055459 | L36: =J36/(I36+J36) -> 0.91594454 | M36: 23.48 | N36: =TRUNC(H36*K36*M36,2) -> 2.38 | O36: =TRUNC(H36*L36*M36,2) -> 25.99
D37: =TRUNC(B36*D36,2) -> 639.74 | E37: =TRUNC(B36*E36,2) -> 6986.11 | F37: =D37+E37 -> 7625.85
A38: 100324 LASTRO COM MATERIAL GRANULAR (PEDRA BRITADA N.1 E PEDRA BRITADA N.2), APLIC ADO EM PISOS OU LAJES SOBRE SOLO, ESPESSURA DE *10 CM*. AF_07/2019 | B38: 113.64 | C38: M3 | D38: =N38 -> 141.4 | E38: =O38 -> 70.19 | H38: 1.2085 | I38: 109.28 | J38: 54.25 | K38: =I38/(I38+J38) -> 0.66825659 | L38: =J38/(I38+J38) -> 0.33174341 | M38: 175.09 | N38: =TRUNC(H38*K38*M38,2) -> 141.4 | O38: =TRUNC(H38*L38*M38,2) -> 70.19
D39: =TRUNC(B38*D38,2) -> 16068.69 | E39: =TRUNC(B38*E38,2) -> 7976.39 | F39: =D39+E39 -> 24045.08
A40: 97914 TRANSPORTE COM CAMINHÃO BASCULANTE DE 6 M³, EM VIA URBANA PAVIMENTADA, DMT ATÉ 30 KM (UNIDADE: M3XKM). AF_07/2020 (brita) | B40: =B38*28 -> 3181.92 | C40: M3XKM | D40: =N40 -> 3.17 | E40: =O40 -> 0.7 | H40: 1.2085 | I40: 2.55 | J40: 0.57 | K40: =I40/(I40+J40) -> 0.81730769 | L40: =J40/(I40+J40) -> 0.18269231 | M40: 3.21 | N40: =TRUNC(H40*K40*M40,2) -> 3.17 | O40: =TRUNC(H40*L40*M40,2) -> 0.7
D41: =TRUNC(B40*D40,2) -> 10086.68 | E41: =TRUNC(B40*E40,2) -> 2227.34 | F41: =D41+E41 -> 12314.02
C43: Un | D43: Material | E43: Mão-de-Obra | F43: Total
A44: Total de ESCAVAÇÃO E CONFORMAÇÃO LEITO | D44: =D31+D33+D35+D37+D39+D41 -> 63212.16 | E44: =E31+E33+E35+E37+E39+E41 -> 29506.9 | F44: =F31+F33+F35+F37+F39+F41 -> 92719.06 | G44: =D44+E44 -> 92719.06
A46: 4. INSTALAÇÃO DE TUBULAÇÃO E CAIXAS DE DRENAGEM
A47: 104482 ESGOTAMENTO DE VALA COM BOMBA SUBMERSÍVEL AF 12/2022 | B47: 276 | C47: H | D47: =N47 -> 3.92 | E47: =O47 -> 34.09 | H47: 1.2085 | I47: 3.21 | J47: 27.85 | K47: =I47/(I47+J47) -> 0.10334836 | L47: =J47/(I47+J47) -> 0.89665164 | M47: 31.46 | N47: =TRUNC(H47*K47*M47,2) -> 3.92 | O47: =TRUNC(H47*L47*M47,2) -> 34.09
D48: =TRUNC(B47*D47,2) -> 1081.92 | E48: =TRUNC(B47*E47,2) -> 9408.84 | F48: =D48+E48 -> 10490.76
A49: 97949 CAIXA PARA BOCA DE LOBO SIMPLES RETANGULAR, EM ALVENARIA COM TIJOLOS CERÂMI COS MACIÇOS, DIMENSÕES INTERNAS: 0,6X1X1,2 M. AF_12/2020 | B49: 18 | C49: UN | D49: =N49 -> 1217.32 | E49: =O49 -> 1025.99 | H49: 1.2085 | I49: 973.14 | J49: 820.19 | K49: =I49/(I49+J49) -> 0.54264413 | L49: =J49/(I49+J49) -> 0.45735587 | M49: 1856.29 | N49: =TRUNC(H49*K49*M49,2) -> 1217.32 | O49: =TRUNC(H49*L49*M49,2) -> 1025.99
D50: =TRUNC(B49*D49,2) -> 21911.76 | E50: =TRUNC(B49*E49,2) -> 18467.82 | F50: =D50+E50 -> 40379.58
A51: 92836 ASSENTAMENTO DE TUBO DE CONCRETO PARA REDES COLETORAS DE ESGOTO SANITÁRIO, DIÂMETRO DE 400 MM, JUNTA ELÁSTICA, INSTALADO EM LOCAL COM BAIXO NÍVEL DE INTERFERÊNCIAS ( NÃO INCLUI FORNECIMENTO). AF_12/2015 | B51: 294 | C51: M | D51: =N51 -> 21.65 | E51: =O51 -> 10.3 | H51: 1.2085 | I51: 18.56 | J51: 8.83 | K51: =I51/(I51+J51) -> 0.67761957 | L51: =J51/(I51+J51) -> 0.32238043 | M51: 26.44 | N51: =TRUNC(H51*K51*M51,2) -> 21.65 | O51: =TRUNC(H51*L51*M51,2) -> 10.3
D52: =TRUNC(B51*D51,2) -> 6365.1 | E52: =TRUNC(B51*E51,2) -> 3028.2 | F52: =D52+E52 -> 9393.3
A53: S00007761 TUBO DE CONCRETO ARMADO PARA AGUAS PLUVIAIS, CLASSE PA-2, COM ENCAIXE PONTA E MBOLSA, DIAMETRO NOMINAL DE 400 MM | B53: 294 | C53: M | D53: =N53 -> 168.64 | E53: =O53 -> 0 | H53: 1.2085 | I53: 126.99 | J53: 0 | K53: =I53/(I53+J53) -> 1 | L53: =J53/(I53+J53) -> 0 | M53: 139.55 | N53: =TRUNC(H53*K53*M53,2) -> 168.64 | O53: =TRUNC(H53*L53*M53,2) -> 0
D54: =TRUNC(B53*D53,2) -> 49580.16 | E54: =TRUNC(B53*E53,2) -> 0 | F54: =D54+E54 -> 49580.16
A55: 97999 ACRÉSCIMO PARA POÇO DE VISITA RETANGULAR PARA ESGOTO, EM ALVENARIA COM BLOC OS DE CONCRETO, DIMENSÕES INTERNAS = 1X2 M. AF_12/2020 | B55: 9 | C55: M | D55: =N55 -> 184.7 | E55: =O55 -> 153.12 | H55: 1.2085 | I55: 1111.41 | J55: 921.39 | K55: =I55/(I55+J55) -> 0.54673849 | L55: =J55/(I55+J55) -> 0.45326151 | M55: 279.55 | N55: =TRUNC(H55*K55*M55,2) -> 184.7 | O55: =TRUNC(H55*L55*M55,2) -> 153.12
D56: =TRUNC(B55*D55,2) -> 1662.3 | E56: =TRUNC(B55*E55,2) -> 1378.08 | F56: =D56+E56 -> 3040.38
A57: 97951 CAIXA PARA BOCA DE LOBO COMBINADA COM GRELHA RETANGULAR, EM ALVENARIA COM T IJOLOS CERÂMICOS MACIÇOS, DIMENSÕES INTERNAS: 1,3X1X1,2 M. AF_12/2020 | B57: 9 | C57: UN | D57: =N57 -> 2251.57 | E57: =O57 -> 1414.14 | H57: 1.2085 | I57: 1777.34 | J57: 1116.29 | K57: =I57/(I57+J57) -> 0.61422504 | L57: =J57/(I57+J57) -> 0.38577496 | M57: 3033.28 | N57: =TRUNC(H57*K57*M57,2) -> 2251.57 | O57: =TRUNC(H57*L57*M57,2) -> 1414.14
D58: =TRUNC(B57*D57,2) -> 20264.13 | E58: =TRUNC(B57*E57,2) -> 12727.26 | F58: =D58+E58 -> 32991.39
A59: 92840 ASSENTAMENTO DE TUBO DE CONCRETO PARA REDES COLETORAS DE ESGOTO SANITÁRIO, DIÂMETRO DE 600 MM, JUNTA ELÁSTICA, INSTALADO EM LOCAL COM BAIXO NÍVEL DE INTERFERÊNCIAS ( NÃO INCLUI FORNECIMENTO). AF_12/2015 | B59: 60 | C59: M | D59: =N59 -> 32.37 | E59: =O59 -> 16.48 | H59: 1.2085 | I59: 27.71 | J59: 14.11 | K59: =I59/(I59+J59) -> 0.66260163 | L59: =J59/(I59+J59) -> 0.33739837 | M59: 40.43 | N59: =TRUNC(H59*K59*M59,2) -> 32.37 | O59: =TRUNC(H59*L59*M59,2) -> 16.48
D60: =TRUNC(B59*D59,2) -> 1942.2 | E60: =TRUNC(B59*E59,2) -> 988.8 | F60: =D60+E60 -> 2931
A61: S00007762 TUBO DE CONCRETO ARMADO PARA AGUAS PLUVIAIS, CLASSE PA-2, COM ENCAIXE PONTA E MBOLSA, DIAMETRO NOMINAL DE 600 MM | B61: 60 | C61: M | D61: =N61 -> 267.9 | E61: =O61 -> 0 | H61: 1.2085 | I61: 201.72 | J61: 0 | K61: =I61/(I61+J61) -> 1 | L61: =J61/(I61+J61) -> 0 | M61: 221.68 | N61: =TRUNC(H61*K61*M61,2) -> 267.9 | O61: =TRUNC(H61*L61*M61,2) -> 0
D62: =TRUNC(B61*D61,2) -> 16074 | E62: =TRUNC(B61*E61,2) -> 0 | F62: =D62+E62 -> 16074
A63: 92815 ASSENTAMENTO DE TUBO DE CONCRETO PARA REDES COLETORAS DE ÁGUAS PLUVIAIS, DI ÂMETRO DE 1000 MM, JUNTA RÍGIDA, INSTALADO EM LOCAL COM BAIXO NÍVEL DE INTERFERÊNCIAS (NÃO INCLUI FORNECIMENTO). AF_12/2015 | B63: 23 | C63: M | D63: =N63 -> 60.23 | E63: =O63 -> 58.97 | H63: 1.2085 | I63: 52.87 | J63: 51.76 | K63: =I63/(I63+J63) -> 0.50530441 | L63: =J63/(I63+J63) -> 0.49469559 | M63: 98.64 | N63: =TRUNC(H63*K63*M63,2) -> 60.23 | O63: =TRUNC(H63*L63*M63,2) -> 58.97
D64: =TRUNC(B63*D63,2) -> 1385.29 | E64: =TRUNC(B63*E63,2) -> 1356.31 | F64: =D64+E64 -> 2741.6
A65: S00007765 TUBO DE CONCRETO ARMADO PARA AGUAS PLUVIAIS, CLASSE PA-2, COM ENCAIXE PONTA E MBOLSA, DIAMETRO NOMINAL DE 1000 MM | B65: 23 | C65: M | D65: =N65 -> 661.64 | E65: =O65 -> 0 | H65: 1.2085 | I65: 498.21 | J65: 0 | K65: =I65/(I65+J65) -> 1 | L65: =J65/(I65+J65) -> 0 | M65: 547.49 | N65: =TRUNC(H65*K65*M65,2) -> 661.64 | O65: =TRUNC(H65*L65*M65,2) -> 0
D66: =TRUNC(B65*D65,2) -> 15217.72 | E66: =TRUNC(B65*E65,2) -> 0 | F66: =D66+E66 -> 15217.72
A67: 92819 ASSENTAMENTO DE TUBO DE CONCRETO PARA REDES COLETORAS DE ÁGUAS PLUVIAIS, DI ÂMETRO DE 1500 MM, JUNTA RÍGIDA, INSTALADO EM LOCAL COM BAIXO NÍVEL DE INTERFERÊNCIAS (NÃO INCLUI FORNECIMENTO). AF_12/2015 | B67: 274 | C67: M | D67: =N67 -> 100.28 | E67: =O67 -> 92.78 | H67: 1.2085 | I67: 87.54 | J67: 81 | K67: =I67/(I67+J67) -> 0.51940192 | L67: =J67/(I67+J67) -> 0.48059808 | M67: 159.76 | N67: =TRUNC(H67*K67*M67,2) -> 100.28 | O67: =TRUNC(H67*L67*M67,2) -> 92.78
D68: =TRUNC(B67*D67,2) -> 27476.72 | E68: =TRUNC(B67*E67,2) -> 25421.72 | F68: =D68+E68 -> 52898.44
A69: S00007767 TUBO DE CONCRETO ARMADO PARA AGUAS PLUVIAIS, CLASSE PA-2, COM ENCAIXE PONTA E MBOLSA, DIAMETRO NOMINAL DE 1500 MM | B69: 274 | C69: M | D69: =N69 -> 1393.36 | E69: =O69 -> 0 | H69: 1.2085 | I69: 1049.18 | J69: 0 | K69: =I69/(I69+J69) -> 1 | L69: =J69/(I69+J69) -> 0 | M69: 1152.97 | N69: =TRUNC(H69*K69*M69,2) -> 1393.36 | O69: =TRUNC(H69*L69*M69,2) -> 0
D70: =TRUNC(B69*D69,2) -> 381780.64 | E70: =TRUNC(B69*E69,2) -> 0 | F70: =D70+E70 -> 381780.64
A71: 94884 ASSENTAMENTO DE TUBO DE PEAD CORRUGADO DE DUPLA PAREDE PARA REDE COLETORA D E ESGOTO, DN 1500 MM, JUNTA ELÁSTICA INTEGRADA (NÃO INCLUI FORNECIMENTO). AF_01/2021 | B71: 119 | C71: M | D71: =N71 -> 48.03 | E71: =O71 -> 30.76 | H71: 1.2085 | I71: 41.84 | J71: 26.8 | K71: =I71/(I71+J71) -> 0.60955711 | L71: =J71/(I71+J71) -> 0.39044289 | M71: 65.21 | N71: =TRUNC(H71*K71*M71,2) -> 48.03 | O71: =TRUNC(H71*L71*M71,2) -> 30.76
D72: =TRUNC(B71*D71,2) -> 5715.57 | E72: =TRUNC(B71*E71,2) -> 3660.44 | F72: =D72+E72 -> 9376.01
A73: COTAÇÃO MERCADO BASE SICRO M0143 Tubo PEAD corrugado com paredes estruturadas para drenagem - D = 1.500 mm ENCAIXE TIPO MACHO FÊMEA SEM USO DE COLA. Resistente a cobrimento mínimo de 60 cm e com base compactada de solo argiloso, até 4 metros de solo compactado cbr 90%. | B73: 120 | C73: M | D73: =N73 -> 3335.48 | E73: =O73 -> 0 | H73: 1.2085 | I73: 2040.12 | J73: 0 | K73: =I73/(I73+J73) -> 1 | L73: =J73/(I73+J73) -> 0 | M73: 2760.02 | N73: =TRUNC(H73*K73*M73,2) -> 3335.48 | O73: =TRUNC(H73*L73*M73,2) -> 0
D74: =TRUNC(B73*D73,2) -> 400257.6 | E74: =TRUNC(B73*E73,2) -> 0 | F74: =D74+E74 -> 400257.6
A75: 101605 ESCORAMENTO DE VALA, TIPO BLINDAGEM, COM PROFUNDIDADE DE 3,0 A 4,5 M, LARGURA MAIOR OU IGUAL A 1,5 M E MENOR QUE 2,5 M - EXECUÇÃO, NÃO INCLUI MATERIAL. AF_01/2026 | B75: 1120 | C75: M2 | D75: =N75 -> 15.12 | E75: =O75 -> 3.81 | H75: 1.2085 | I75: 19.95 | J75: 5.03 | K75: =I75/(I75+J75) -> 0.79863891 | L75: =J75/(I75+J75) -> 0.20136109 | M75: 15.67 | N75: =TRUNC(H75*K75*M75,2) -> 15.12 | O75: =TRUNC(H75*L75*M75,2) -> 3.81
D76: =TRUNC(B75*D75,2) -> 16934.4 | E76: =TRUNC(B75*E75,2) -> 4267.2 | F76: =D76+E76 -> 21201.6
C78: Un | D78: Material | E78: Mão-de-Obra | F78: Total
A79: Total de INSTALAÇÃO DE TUBULAÇÃO E CAIXAS DE DRENAGEM | D79: =D48+D50+D52+D54+D56+D58+D60+D62+D64+D66+D68+D70+D72+D74+D76 -> 967649.51 | E79: =E48+E50+E52+E54+E56+E58+E60+E62+E64+E66+E68+E70+E72+E74+E76 -> 80704.67 | F79: =F48+F50+F52+F54+F56+F58+F60+F62+F64+F66+F68+F70+F72+F74+F76 -> 1048354.2 | G79: =D79+E79 -> 1048354.2
A81: 5. REATERRO E COMPACTAÇÃO
A82: 100974 CARGA, MANOBRA E DESCARGA DE SOLOS E MATERIAIS GRANULARES EM CAMINHÃO BASCU LANTE 10 M³ - CARGA COM PÁ CARREGADEIRA (CAÇAMBA DE 1,7 A 2,8 M³ / 128 HP) E DESCARGA LIVR E (UNIDADE: M3). AF_07/2020 | B82: 4006.01 | C82: M3 | D82: =N82 -> 9.03 | E82: =O82 -> 2.11 | H82: 1.2085 | I82: 7.27 | J82: 1.7 | K82: =I82/(I82+J82) -> 0.81047938 | L82: =J82/(I82+J82) -> 0.18952062 | M82: 9.22 | N82: =TRUNC(H82*K82*M82,2) -> 9.03 | O82: =TRUNC(H82*L82*M82,2) -> 2.11
D83: =TRUNC(B82*D82,2) -> 36174.27 | E83: =TRUNC(B82*E82,2) -> 8452.68 | F83: =D83+E83 -> 44626.95
A84: 93588 TRANSPORTE COM CAMINHÃO BASCULANTE DE 10 M³, EM VIA URBANA EM LEITO NATURAL (UNIDADE: M3XKM). AF_07/2020 | B84: =B82*5 -> 20030.05 | C84: M3XKM | D84: =N84 -> 3.54 | E84: =O84 -> 0.53 | H84: 1.2085 | I84: =I34 -> 2.85 | J84: =J34 -> 0.43 | K84: =I84/(I84+J84) -> 0.86890244 | L84: =J84/(I84+J84) -> 0.13109756 | M84: 3.38 | N84: =TRUNC(H84*K84*M84,2) -> 3.54 | O84: =TRUNC(H84*L84*M84,2) -> 0.53
D85: =TRUNC(B84*D84,2) -> 70906.37 | E85: =TRUNC(B84*E84,2) -> 10615.92 | F85: =D85+E85 -> 81522.29
A86: 93378 REATERRO MECANIZADO DE VALA COM RETROESCAVADEIRA (CAPACIDADE DA CAÇAMBA DA RETRO: 0,26 M³/POTÊNCIA: 88 HP), LARGURA ATÉ 0,8 M, PROFUNDIDADE ATÉ 1,5 M, COM SOLO (SEM SUBSTITUIÇÃO) DE 1ª CATEGORIA, COM COMPACTADOR DE SOLOS DE PERCUSSÃO. AF_08/2023 | B86: 987.35 | C86: M3 | D86: =N86 -> 11.59 | E86: =O86 -> 19.24 | H86: 1.2085 | I86: 9.6 | J86: 15.94 | K86: =I86/(I86+J86) -> 0.37588097 | L86: =J86/(I86+J86) -> 0.62411903 | M86: 25.52 | N86: =TRUNC(H86*K86*M86,2) -> 11.59 | O86: =TRUNC(H86*L86*M86,2) -> 19.24
D87: =TRUNC(B86*D86,2) -> 11443.38 | E87: =TRUNC(B86*E86,2) -> 18996.61 | F87: =D87+E87 -> 30439.99
A88: 93368 REATERRO MECANIZADO DE VALA COM ESCAVADEIRA HIDRÁULICA (CAPACIDADE DA CAÇAMBA: 0,8 M³/POTÊNCIA: 111 HP), LARGURA ATÉ 1,5 M, PROFUNDIDADE DE 1,5 A 3,0 M, COM SOLO (SEM SUBSTITUIÇÃO) DE 1ª CATEGORIA, COM COMPACTADOR DE SOLOS DE PERCUSSÃO. AF_08/2023 | B88: 2367.68 | C88: M3 | D88: =N88 -> 17.89 | E88: =O88 -> 8.33 | H88: 1.2085 | I88: 10.91 | J88: 5.08 | K88: =I88/(I88+J88) -> 0.68230144 | L88: =J88/(I88+J88) -> 0.31769856 | M88: 21.7 | N88: =TRUNC(H88*K88*M88,2) -> 17.89 | O88: =TRUNC(H88*L88*M88,2) -> 8.33
D89: =TRUNC(B88*D88,2) -> 42357.79 | E89: =TRUNC(B88*E88,2) -> 19722.77 | F89: =D89+E89 -> 62080.56
C91: Un | D91: Material | E91: Mão-de-Obra | F91: Total
A92: Total de REATERRO E COMPACTAÇÃO | D92: =D83+D85+D87+D89 -> 160881.81 | E92: =E83+E85+E87+E89 -> 57787.98 | F92: =F83+F85+F87+F89 -> 218669.79 | G92: =D92+E92 -> 218669.79
A94: 6. POÇO DE VISITA E CAIXA DE LIGAÇÃO
A95: ='Drenagem trecho 1'!$A$181 -> COMPOSIÇÃO 02 - POR UNIDADE DE BASE/FUNDAÇÃO DE CAIXA DE INSPEÇÃO/PASSAGEM (ESPESSURA MÍNIMA DE 20 CM CONCRETO FCK 25 MPA) FUNDAÇÃO | B95: 8 | C95: UNI | D95: ='Drenagem trecho 1'!$D$195 -> 1276.04 | E95: ='Drenagem trecho 1'!$E$195 -> 217.16 | F95: ='Drenagem trecho 1'!$F$195 -> 1493.2
D96: =TRUNC(B95*D95,2) -> 10208.32 | E96: =TRUNC(B95*E95,2) -> 1737.28 | F96: =D96+E96 -> 11945.6
A97: ='Drenagem trecho 1'!$A$198 -> COMPOSIÇÃO 03 - POR UNIDADE DE TAMPA/LAJE DE FECHAMENTO (2,4X2,4M) DE CAIXA DE INSPEÇÃO/PASSAGEM (ESPESSURA MÍNIMA DE 20 CM CONCRETO FCK 25 MPA) TAMPA | B97: 8 | C97: UNI | D97: ='Drenagem trecho 1'!$D$216 -> 2813.26 | E97: ='Drenagem trecho 1'!$E$216 -> 299.52 | F97: ='Drenagem trecho 1'!$F$216 -> 3112.78
D98: =TRUNC(B97*D97,2) -> 22506.08 | E98: =TRUNC(B97*E97,2) -> 2396.16 | F98: =D98+E98 -> 24902.24
A99: ='Drenagem trecho 1'!$A$219 -> COMPOSIÇÃO 04 - POR M3 DE CAIXA DE INSPEÇÃO/PASSAGEM modelo 1 - ESPESSURA MÍNIMA DE 20 CM - FCK 25 MPA | B99: 1 | C99: UNI | D99: ='Drenagem trecho 1'!$D$234 -> 10817.6 | E99: ='Drenagem trecho 1'!$E$234 -> 3916.63
A100: ='Drenagem trecho 1'!$A$220 -> ALTURA VARIÁVEL PREVISÃO DE 3,0 M | D100: =TRUNC(B99*D99,2) -> 10817.6 | E100: =TRUNC(B99*E99,2) -> 3916.63 | F100: =D100+E100 -> 14734.23
A101: ='Drenagem trecho 1'!$A$237 -> COMPOSIÇÃO 05 - POR M3 DE CAIXA DE INSPEÇÃO/PASSAGEM modelo 2 - ESPESSURA MÍNIMA DE 20 CM - FCK 25 MPA | B101: 1 | C101: UNI | D101: ='Drenagem trecho 1'!D252 -> 5139.31 | E101: ='Drenagem trecho 1'!E252 -> 1800.74
A102: ='Drenagem trecho 1'!$A$238 -> ALTURA VARIÁVEL PREVISÃO DE 2,2 M | D102: =TRUNC(B101*D101,2) -> 5139.31 | E102: =TRUNC(B101*E101,2) -> 1800.74 | F102: =D102+E102 -> 6940.05
A103: ='Drenagem trecho 1'!A255 -> COMPOSIÇÃO 06 - POR M3 DE CAIXA DE INSPEÇÃO/PASSAGEM modelo 3 - ESPESSURA MÍNIMA DE 20 CM - FCK 25 MPA | B103: 1 | C103: UNI | D103: ='Drenagem trecho 1'!D270 -> 5140.14 | E103: ='Drenagem trecho 1'!E270 -> 1872.31
A104: ='Drenagem trecho 1'!A256 -> ALTURA VARIÁVEL PREVISÃO DE 2,2 M | D104: =TRUNC(B103*D103,2) -> 5140.14 | E104: =TRUNC(B103*E103,2) -> 1872.31 | F104: =D104+E104 -> 7012.45
A105: ='Drenagem trecho 1'!A273 -> COMPOSIÇÃO 07 - POR M3 DE CAIXA DE INSPEÇÃO/PASSAGEM modelo 4 - ESPESSURA MÍNIMA DE 20 CM - FCK 25 MPA | B105: 1 | C105: UNI | D105: ='Drenagem trecho 1'!D288 -> 4838.82 | E105: ='Drenagem trecho 1'!E288 -> 1829.09
A106: ='Drenagem trecho 1'!A274 -> ALTURA VARIÁVEL PREVISÃO DE 3,2 M | D106: =TRUNC(B105*D105,2) -> 4838.82 | E106: =TRUNC(B105*E105,2) -> 1829.09 | F106: =D106+E106 -> 6667.91
A107: ='Drenagem trecho 1'!A291 -> COMPOSIÇÃO 08 - POR M3 DE CAIXA DE INSPEÇÃO/PASSAGEM modelo 5 - ESPESSURA MÍNIMA DE 20 CM - FCK 25 MPA | B107: 1 | C107: UNI | D107: ='Drenagem trecho 1'!D306 -> 8192.77 | E107: ='Drenagem trecho 1'!E306 -> 2875.52
A108: ='Drenagem trecho 1'!A292 -> ALTURA VARIÁVEL PREVISÃO DE 2,0 M | D108: =TRUNC(B107*D107,2) -> 8192.77 | E108: =TRUNC(B107*E107,2) -> 2875.52 | F108: =D108+E108 -> 11068.29
A109: ='Drenagem trecho 1'!A309 -> COMPOSIÇÃO 09 - POR M3 DE CAIXA DE INSPEÇÃO/PASSAGEM modelo 6 - ESPESSURA MÍNIMA DE 20 CM - FCK 25 MPA | B109: 1 | C109: UNI | D109: ='Drenagem trecho 1'!D324 -> 5788.12 | E109: ='Drenagem trecho 1'!E324 -> 2111.42
A110: ='Drenagem trecho 1'!A310 -> ALTURA VARIÁVEL PREVISÃO DE 2,0 M | D110: =TRUNC(B109*D109,2) -> 5788.12 | E110: =TRUNC(B109*E109,2) -> 2111.42 | F110: =D110+E110 -> 7899.54
...

Sheet Drenagem trecho 1
A1: Planilha de Orçamento GLOBAL | F1: 45709
A2: 14.2024 - CANALIZAÇÃO RUA DO TANQUE E PAIM FILHO trecho 01
A3: Obra: Canalização trecho da rua do Tanque e trecho da Rua Pain Filho - Centro | B3: Endereço:
A4: Cliente: Município de Lagoa Vermelha | B4: Cidade:
A5: Base SINAPI 01/26 SICRO 01/24 | D5: Preço Unitário/Preço Total | H5: NÃO ALTERAR VALORES | M5: SINAPI 01/26
A6: Item/Descrição | B6: Qtd. | C6: Un | D6: Material | E6: Mão-de-Obra | F6: Total | H6: BDI | I6: Valor referencia ANTIGO02/25 | K6: portentagens | M6: Valor referencia 01/2026 | N6: VALOR ATUALIZADO COM BDI
A7: 1. SERVIÇOS INICIAIS
A8: 103689 FORNECIMENTO E INSTALAÇÃO DE PLACA DE OBRA COM CHAPA GALVANIZADA E ESTRUTUR A DE MADEIRA. AF_03/2022_PS | B8: 3 | C8: M2 | D8: =N8 -> 449.68 | E8: =O8 -> 41.71 | H8: 1.2085 | I8: 420.83 | J8: 39.04 | K8: =I8/(I8+J8) -> 0.91510644 | L8: =J8/(I8+J8) -> 0.084893557 | M8: ='Drenagem trecho 2'!$M$8 -> 406.62 | N8: =TRUNC(H8*K8*M8,2) -> 449.68 | O8: =TRUNC(H8*L8*M8,2) -> 41.71
D9: =TRUNC(B8*D8,2) -> 1349.04 | E9: =TRUNC(B8*E8,2) -> 125.13 | F9: =D9+E9 -> 1474.17
A10: 90777 ENGENHEIRO CIVIL DE OBRA JUNIOR COM ENCARGOS COMPLEMENTARES (12H NA SEMANA X 4 SEMANA X ATÉ 4 MESES) | B10: 192 | C10: H | D10: =N10 -> 0.97 | E10: =O10 -> 154.86 | H10: 1.2085 | I10: 0.75 | J10: 119.47 | K10: =I10/(I10+J10) -> 0.0062385626 | L10: =J10/(I10+J10) -> 0.99376144 | M10: ='Drenagem trecho 2'!$M$10 -> 128.95 | N10: =TRUNC(H10*K10*M10,2) -> 0.97 | O10: =TRUNC(H10*L10*M10,2) -> 154.86
D11: =TRUNC(B10*D10,2) -> 186.24 | E11: =TRUNC(B10*E10,2) -> 29733.12 | F11: =D11+E11 -> 29919.36
C13: Un | D13: Material | E13: Mão-de-Obra | F13: Total
A14: Total de SERVIÇOS INICIAIS | D14: =D9+D11 -> 1535.28 | E14: =E9+E11 -> 29858.25 | F14: =F9+F11 -> 31393.53 | G14: =D14+E14 -> 31393.53
A16: 2. REMOÇÃO PAVIMENTOS E SINALIZAÇÃO
A17: 99063 LOCAÇÃO DE REDE DE ÁGUA OU ESGOTO. AF_10/2018 | B17: 352 | C17: M | D17: =N17 -> 2.74 | E17: =O17 -> 8.47 | H17: 1.2085 | I17: 2.22 | J17: 6.86 | K17: =I17/(I17+J17) -> 0.24449339 | L17: =J17/(I17+J17) -> 0.75550661 | M17: ='Drenagem trecho 2'!$M$17 -> 9.28 | N17: =TRUNC(H17*K17*M17,2) -> 2.74 | O17: =TRUNC(H17*L17*M17,2) -> 8.47
D18: =TRUNC(B17*D17,2) -> 964.48 | E18: =TRUNC(B17*E17,2) -> 2981.44 | F18: =D18+E18 -> 3945.92
A19: 101817 RECOMPOSICAO DE PAVIMENTO EM PARALELEPÍPEDOS, REJUNTAMENTO COM PÓ DE PEDRA, COM REAPROVEITAMENTO DOS PARALELEPÍPEDOS, PARA O FECHAMENTO DE VALAS - INCLUSO RETIRADA E COLOCAÇÃO DO MATERIAL. AF_12/2020 | B19: 1080 | C19: M2 | D19: =N19 -> 20.32 | E19: =O19 -> 43.92 | H19: 1.2085 | I19: 16.61 | J19: 35.9 | K19: =I19/(I19+J19) -> 0.3163207 | L19: =J19/(I19+J19) -> 0.6836793 | M19: ='Drenagem trecho 2'!$M$19 -> 53.16 | N19: =TRUNC(H19*K19*M19,2) -> 20.32 | O19: =TRUNC(H19*L19*M19,2) -> 43.92
D20: =TRUNC(B19*D19,2) -> 21945.6 | E20: =TRUNC(B19*E19,2) -> 47433.6 | F20: =D20+E20 -> 69379.2
A21: S00013244 CONE DE SINALIZACAO EM PVC RIGIDO COM FAIXA REFLETIVA, H = 70 / 76 CM COR VERMELHA OU LARANJADO (APÓS O USO, CONES ENTREGUES AO MUNICÍPIO SECRETARIA DE OBRAS NO ESTADO QUE SE ENCONTRAM) | B21: 30 | C21: UN | D21: =N21 -> 67.55 | E21: =O21 -> 0 | H21: 1.2085 | I21: 55.9 | J21: 0 | K21: =I21/(I21+J21) -> 1 | L21: =J21/(I21+J21) -> 0 | M21: ='Drenagem trecho 2'!$M$21 -> 55.9 | N21: =TRUNC(H21*K21*M21,2) -> 67.55 | O21: =TRUNC(H21*L21*M21,2) -> 0
D22: =TRUNC(B21*D21,2) -> 2026.5 | E22: =TRUNC(B21*E21,2) -> 0 | F22: =D22+E22 -> 2026.5
A23: SICRO 5213842 Fita zebrada para dispositivos de canalização de trânsito - fornecimento, implantação e retirada | B23: 2000 | C23: M | D23: =N23 -> 0.16 | E23: =O23 -> 0 | H23: 1.2085 | I23: 0.12 | J23: 0 | K23: =I23/(I23+J23) -> 1 | L23: =J23/(I23+J23) -> 0 | M23: ='Drenagem trecho 2'!$M$23 -> 0.14 | N23: =TRUNC(H23*K23*M23,2) -> 0.16 | O23: =TRUNC(H23*L23*M23,2) -> 0
D24: =TRUNC(B23*D23,2) -> 320 | E24: =TRUNC(B23*E23,2) -> 0 | F24: =D24+E24 -> 320
C26: Un | D26: Material | E26: Mão-de-Obra | F26: Total
A27: Total de REMOÇÃO PAVIMENTOS E SINALIZAÇÃO | D27: =D18+D20+D22+D24 -> 25256.58 | E27: =E18+E20+E22+E24 -> 50415.04 | F27: =F18+F20+F22+F24 -> 75671.62 | G27: =D27+E27 -> 75671.62
A29: 3. ESCAVAÇÃO E CONFORMAÇÃO LEITO DE DRENAGEM PARA TUBULAÇÃO E CAIXAS
A30: 90095 ESCAVAÇÃO MECANIZADA DE VALA COM PROF. MAIOR QUE 3,0 M ATÉ 4,5 M (MÉDIA MON TANTE E JUSANTE/UMA COMPOSICAO POR TRECHO), ESCAVADEIRA (1,2 M3), LARG. DE 1,5 M A 2,5 M, EM SOLO DE 1A CATEGORIA, LOCAIS COM BAIXO NÍVEL DE INTERFERÊNCIA. AF_02/2021 | B30: 1520 | C30: M3 | D30: =N30 -> 4.99 | E30: =O30 -> 1.65 | H30: 1.2085 | I30: 4.51 | J30: 1.49 | K30: =I30/(I30+J30) -> 0.75166667 | L30: =J30/(I30+J30) -> 0.24833333 | M30: ='Drenagem trecho 2'!$M$30 -> 5.5 | N30: =TRUNC(H30*K30*M30,2) -> 4.99 | O30: =TRUNC(H30*L30*M30,2) -> 1.65
D31: =TRUNC(B30*D30,2) -> 7584.8 | E31: =TRUNC(B30*E30,2) -> 2508 | F31: =D31+E31 -> 10092.8
A32: 102276 ESCAVAÇÃO MECANIZADA DE VALA COM PROF. ATÉ 1,5 M (MÉDIA MONTANTE E JUSANTE/ UMA COMPOSICAO POR TRECHO), ESCAVADEIRA (0,8 M3), LARG. MENOR QUE 1,5 M, EM SOLO DE 1A CAT EGORIA, EM LOCAIS COM ALTO NÍVEL DE INTERFERÊNCIA. AF_02/2021 | B32: 1571.65 | C32: M3 | D32: =N32 -> 9.41 | E32: =O32 -> 3.77 | H32: 1.2085 | I32: 8.54 | J32: 3.42 | K32: =I32/(I32+J32) -> 0.71404682 | L32: =J32/(I32+J32) -> 0.28595318 | M32: ='Drenagem trecho 2'!$M$32 -> 10.91 | N32: =TRUNC(H32*K32*M32,2) -> 9.41 | O32: =TRUNC(H32*L32*M32,2) -> 3.77
D33: =TRUNC(B32*D32,2) -> 14789.22 | E33: =TRUNC(B32*E32,2) -> 5925.12 | F33: =D33+E33 -> 20714.34
A34: 93588 TRANSPORTE COM CAMINHÃO BASCULANTE DE 10 M³, EM VIA URBANA EM LEITO NATURAL (UNIDADE: M3XKM). AF_07/2020 | B34: 651.48 | C34: M3XKM | D34: =N34 -> 3.54 | E34: =O34 -> 0.53 | H34: 1.2085 | I34: 2.85 | J34: 0.43 | K34: =I34/(I34+J34) -> 0.86890244 | L34: =J34/(I34+J34) -> 0.13109756 | M34: ='Drenagem trecho 2'!$M$34 -> 3.38 | N34: =TRUNC(H34*K34*M34,2) -> 3.54 | O34: =TRUNC(H34*L34*M34,2) -> 0.53
D35: =TRUNC(B34*D34,2) -> 2306.23 | E35: =TRUNC(B34*E34,2) -> 345.28 | F35: =D35+E35 -> 2651.51
A36: 88316 SERVENTE COM ENCARGOS COMPLEMENTARES - conformação de berço para tubos e caixas 0,1h/m2 | B36: 60 | C36: H | D36: =N36 -> 2.38 | E36: =O36 -> 25.99 | H36: 1.2085 | I36: 1.94 | J36: 21.14 | K36: =I36/(I36+J36) -> 0.084055459 | L36: =J36/(I36+J36) -> 0.91594454 | M36: ='Drenagem trecho 2'!$M$36 -> 23.48 | N36: =TRUNC(H36*K36*M36,2) -> 2.38 | O36: =TRUNC(H36*L36*M36,2) -> 25.99
D37: =TRUNC(B36*D36,2) -> 142.8 | E37: =TRUNC(B36*E36,2) -> 1559.4 | F37: =D37+E37 -> 1702.2
A38: 100324 LASTRO COM MATERIAL GRANULAR (PEDRA BRITADA N.1 E PEDRA BRITADA N.2), APLIC ADO EM PISOS OU LAJES SOBRE SOLO, ESPESSURA DE *10 CM*. AF_07/2019 | B38: 51.04 | C38: M3 | D38: =N38 -> 141.4 | E38: =O38 -> 70.19 | H38: 1.2085 | I38: 109.28 | J38: 54.25 | K38: =I38/(I38+J38) -> 0.66825659 | L38: =J38/(I38+J38) -> 0.33174341 | M38: ='Drenagem trecho 2'!$M$38 -> 175.09 | N38: =TRUNC(H38*K38*M38,2) -> 141.4 | O38: =TRUNC(H38*L38*M38,2) -> 70.19
D39: =TRUNC(B38*D38,2) -> 7217.05 | E39: =TRUNC(B38*E38,2) -> 3582.49 | F39: =D39+E39 -> 10799.54
A40: 97914 TRANSPORTE COM CAMINHÃO BASCULANTE DE 6 M³, EM VIA URBANA PAVIMENTADA, DMT ATÉ 30 KM (UNIDADE: M3XKM). AF_07/2020 (brita) | B40: =B38*28 -> 1429.12 | C40: M3XKM | D40: =N40 -> 3.17 | E40: =O40 -> 0.7 | H40: 1.2085 | I40: 2.55 | J40: 0.57 | K40: =I40/(I40+J40) -> 0.81730769 | L40: =J40/(I40+J40) -> 0.18269231 | M40: ='Drenagem trecho 2'!$M$40 -> 3.21 | N40: =TRUNC(H40*K40*M40,2) -> 3.17 | O40: =TRUNC(H40*L40*M40,2) -> 0.7
D41: =TRUNC(B40*D40,2) -> 4530.31 | E41: =TRUNC(B40*E40,2) -> 1000.38 | F41: =D41+E41 -> 5530.69
C43: Un | D43: Material | E43: Mão-de-Obra | F43: Total
A44: Total de ESCAVAÇÃO E CONFORMAÇÃO LEITO | D44: =D31+D33+D35+D37+D39+D41 -> 36570.41 | E44: =E31+E33+E35+E37+E39+E41 -> 14920.67 | F44: =F31+F33+F35+F37+F39+F41 -> 51491.08 | G44: =D44+E44 -> 51491.08
A46: 4. INSTALAÇÃO DE TUBULAÇÃO E CAIXAS DE DRENAGEM
A47: 104482 ESGOTAMENTO DE VALA COM BOMBA SUBMERSÍVEL AF 12/2022 | B47: 144 | C47: H | D47: =N47 -> 3.92 | E47: =O47 -> 34.09 | H47: 1.2085 | I47: 3.21 | J47: 27.85 | K47: =I47/(I47+J47) -> 0.10334836 | L47: =J47/(I47+J47) -> 0.89665164 | M47: ='Drenagem trecho 2'!$M$47 -> 31.46 | N47: =TRUNC(H47*K47*M47,2) -> 3.92 | O47: =TRUNC(H47*L47*M47,2) -> 34.09
D48: =TRUNC(B47*D47,2) -> 564.48 | E48: =TRUNC(B47*E47,2) -> 4908.96 | F48: =D48+E48 -> 5473.44
A49: 97949 CAIXA PARA BOCA DE LOBO SIMPLES RETANGULAR, EM ALVENARIA COM TIJOLOS CERÂMI COS MACIÇOS, DIMENSÕES INTERNAS: 0,6X1X1,2 M. AF_12/2020 | B49: 14 | C49: UN | D49: =N49 -> 1217.32 | E49: =O49 -> 1025.99 | H49: 1.2085 | I49: 973.14 | J49: 820.19 | K49: =I49/(I49+J49) -> 0.54264413 | L49: =J49/(I49+J49) -> 0.45735587 | M49: ='Drenagem trecho 2'!$M$49 -> 1856.29 | N49: =TRUNC(H49*K49*M49,2) -> 1217.32 | O49: =TRUNC(H49*L49*M49,2) -> 1025.99
D50: =TRUNC(B49*D49,2) -> 17042.48 | E50: =TRUNC(B49*E49,2) -> 14363.86 | F50: =D50+E50 -> 31406.34
A51: 92836 ASSENTAMENTO DE TUBO DE CONCRETO PARA REDES COLETORAS DE ESGOTO SANITÁRIO, DIÂMETRO DE 400 MM, JUNTA ELÁSTICA, INSTALADO EM LOCAL COM BAIXO NÍVEL DE INTERFERÊNCIAS ( NÃO INCLUI FORNECIMENTO). AF_12/2015 | B51: 89 | C51: M | D51: =N51 -> 21.65 | E51: =O51 -> 10.3 | H51: 1.2085 | I51: 18.56 | J51: 8.83 | K51: =I51/(I51+J51) -> 0.67761957 | L51: =J51/(I51+J51) -> 0.32238043 | M51: ='Drenagem trecho 2'!$M$51 -> 26.44 | N51: =TRUNC(H51*K51*M51,2) -> 21.65 | O51: =TRUNC(H51*L51*M51,2) -> 10.3
D52: =TRUNC(B51*D51,2) -> 1926.85 | E52: =TRUNC(B51*E51,2) -> 916.7 | F52: =D52+E52 -> 2843.55
A53: S00007761 TUBO DE CONCRETO ARMADO PARA AGUAS PLUVIAIS, CLASSE PA-2, COM ENCAIXE PONTA E BOLSA, DIAMETRO NOMINAL DE 400 MM | B53: 89 | C53: M | D53: =N53 -> 168.64 | E53: =O53 -> 0 | H53: 1.2085 | I53: 126.99 | J53: 0 | K53: =I53/(I53+J53) -> 1 | L53: =J53/(I53+J53) -> 0 | M53: ='Drenagem trecho 2'!$M$53 -> 139.55 | N53: =TRUNC(H53*K53*M53,2) -> 168.64 | O53: =TRUNC(H53*L53*M53,2) -> 0
D54: =TRUNC(B53*D53,2) -> 15008.96 | E54: =TRUNC(B53*E53,2) -> 0 | F54: =D54+E54 -> 15008.96
A55: 97999 ACRÉSCIMO PARA POÇO DE VISITA RETANGULAR PARA ESGOTO, EM ALVENARIA COM BLOC OS DE CONCRETO, DIMENSÕES INTERNAS = 1X2 M. AF_12/2020 | B55: 4 | C55: M | D55: =N55 -> 184.7 | E55: =O55 -> 153.12 | H55: 1.2085 | I55: 1111.41 | J55: 921.39 | K55: =I55/(I55+J55) -> 0.54673849 | L55: =J55/(I55+J55) -> 0.45326151 | M55: ='Drenagem trecho 2'!$M$55 -> 279.55 | N55: =TRUNC(H55*K55*M55,2) -> 184.7 | O55: =TRUNC(H55*L55*M55,2) -> 153.12
D56: =TRUNC(B55*D55,2) -> 738.8 | E56: =TRUNC(B55*E55,2) -> 612.48 | F56: =D56+E56 -> 1351.28
A57: 94884 ASSENTAMENTO DE TUBO DE PEAD CORRUGADO DE DUPLA PAREDE PARA REDE COLETORA D E ESGOTO, DN 1500 MM, JUNTA ELÁSTICA INTEGRADA (NÃO INCLUI FORNECIMENTO). AF_01/2021 | B57: 276 | C57: M | D57: =N57 -> 48.03 | E57: =O57 -> 30.76 | H57: 1.2085 | I57: 41.84 | J57: 26.8 | K57: =I57/(I57+J57) -> 0.60955711 | L57: =J57/(I57+J57) -> 0.39044289 | M57: ='Drenagem trecho 2'!$M$71 -> 65.21 | N57: =TRUNC(H57*K57*M57,2) -> 48.03 | O57: =TRUNC(H57*L57*M57,2) -> 30.76
D58: =TRUNC(B57*D57,2) -> 13256.28 | E58: =TRUNC(B57*E57,2) -> 8489.76 | F58: =D58+E58 -> 21746.04
A59: COTAÇÃO MERCADO BASE SICRO M0143 Tubo PEAD corrugado com paredes estruturadas para drenagem - D = 1.500 mm ENCAIXE TIPO MACHO FÊMEA SEM USO DE COLA. Resistente a cobrimento mínimo de 60 cm e com base compactada de solo argiloso, até 4 metros de solo compactado cbr 90%. | B59: 276 | C59: M | D59: =N59 -> 3335.48 | E59: =O59 -> 0 | H59: 1.2085 | I59: 2040.12 | J59: 0 | K59: =I59/(I59+J59) -> 1 | L59: =J59/(I59+J59) -> 0 | M59: ='Drenagem trecho 2'!$M$73 -> 2760.02 | N59: =TRUNC(H59*K59*M59,2) -> 3335.48 | O59: =TRUNC(H59*L59*M59,2) -> 0
D60: =TRUNC(B59*D59,2) -> 920592.48 | E60: =TRUNC(B59*E59,2) -> 0 | F60: =D60+E60 -> 920592.48
A61: 101605 ESCORAMENTO DE VALA, TIPO BLINDAGEM, COM PROFUNDIDADE DE 3,0 A 4,5 M, LARGURA MAIOR OU IGUAL A 1,5 M E MENOR QUE 2,5 M - EXECUÇÃO, NÃO INCLUI MATERIAL. AF_01/2026 | B61: 500 | C61: M2 | D61: =N61 -> 15.12 | E61: =O61 -> 3.81 | H61: 1.2085 | I61: 19.95 | J61: 5.03 | K61: =I61/(I61+J61) -> 0.79863891 | L61: =J61/(I61+J61) -> 0.20136109 | M61: ='Drenagem trecho 2'!$M$75 -> 15.67 | N61: =TRUNC(H61*K61*M61,2) -> 15.12 | O61: =TRUNC(H61*L61*M61,2) -> 3.81
D62: =TRUNC(B61*D61,2) -> 7560 | E62: =TRUNC(B61*E61,2) -> 1905 | F62: =D62+E62 -> 9465
C64: Un | D64: Material | E64: Mão-de-Obra | F64: Total
A65: Total de INSTALAÇÃO DE TUBULAÇÃO E CAIXAS DE DRENAGEM | D65: =D62+D60+D58+D56+D54+D52+D50+D48 -> 976690.33 | E65: =E62+E60+E58+E56+E54+E52+E50+E48 -> 31196.76 | F65: =F62+F60+F58+F56+F54+F52+F50+F48 -> 1007887.1 | G65: =D65+E65 -> 1007887.1
A67: 5. REATERRO E COMPACTAÇÃO
A68: 100974 CARGA, MANOBRA E DESCARGA DE SOLOS E MATERIAIS GRANULARES EM CAMINHÃO BASCU LANTE 10 M³ - CARGA COM PÁ CARREGADEIRA (CAÇAMBA DE 1,7 A 2,8 M³ / 128 HP) E DESCARGA LIVR E (UNIDADE: M3). AF_07/2020 | B68: =B30+B32-B34 -> 2440.17 | C68: M3 | D68: =N68 -> 9.03 | E68: =O68 -> 2.11 | H68: 1.2085 | I68: 7.27 | J68: 1.7 | K68: =I68/(I68+J68) -> 0.81047938 | L68: =J68/(I68+J68) -> 0.18952062 | M68: ='Drenagem trecho 2'!$M$82 -> 9.22 | N68: =TRUNC(H68*K68*M68,2) -> 9.03 | O68: =TRUNC(H68*L68*M68,2) -> 2.11
D69: =TRUNC(B68*D68,2) -> 22034.73 | E69: =TRUNC(B68*E68,2) -> 5148.75 | F69: =D69+E69 -> 27183.48
A70: 93588 TRANSPORTE COM CAMINHÃO BASCULANTE DE 10 M³, EM VIA URBANA EM LEITO NATURAL (UNIDADE: M3XKM). AF_07/2020 | B70: =B68*1 -> 2440.17 | C70: M3XKM | D70: =N70 -> 3.54 | E70: =O70 -> 0.53 | H70: 1.2085 | I70: 2.85 | J70: 0.43 | K70: =I70/(I70+J70) -> 0.86890244 | L70: =J70/(I70+J70) -> 0.13109756 | M70: ='Drenagem trecho 2'!$M$84 -> 3.38 | N70: =TRUNC(H70*K70*M70,2) -> 3.54 | O70: =TRUNC(H70*L70*M70,2) -> 0.53
D71: =TRUNC(B70*D70,2) -> 8638.2 | E71: =TRUNC(B70*E70,2) -> 1293.29 | F71: =D71+E71 -> 9931.49
A72: 93378 REATERRO MECANIZADO DE VALA COM RETROESCAVADEIRA (CAPACIDADE DA CAÇAMBA DA RETRO: 0,26 M³/POTÊNCIA: 88 HP), LARGURA ATÉ 0,8 M, PROFUNDIDADE ATÉ 1,5 M, COM SOLO (SEM SUBSTITUIÇÃO) DE 1ª CATEGORIA, COM COMPACTADOR DE SOLOS DE PERCUSSÃO. AF_08/2023 | B72: =B32 -> 1571.65 | C72: M3 | D72: =N72 -> 11.59 | E72: =O72 -> 19.24 | H72: 1.2085 | I72: 9.6 | J72: 15.94 | K72: =I72/(I72+J72) -> 0.37588097 | L72: =J72/(I72+J72) -> 0.62411903 | M72: ='Drenagem trecho 2'!$M$86 -> 25.52 | N72: =TRUNC(H72*K72*M72,2) -> 11.59 | O72: =TRUNC(H72*L72*M72,2) -> 19.24
D73: =TRUNC(B72*D72,2) -> 18215.42 | E73: =TRUNC(B72*E72,2) -> 30238.54 | F73: =D73+E73 -> 48453.96
A74: 93368 REATERRO MECANIZADO DE VALA COM ESCAVADEIRA HIDRÁULICA (CAPACIDADE DA CAÇAMBA: 0,8 M³/POTÊNCIA: 111 HP), LARGURA ATÉ 1,5 M, PROFUNDIDADE DE 1,5 A 3,0 M, COM SOLO (SEM SUBSTITUIÇÃO) DE 1ª CATEGORIA, COM COMPACTADOR DE SOLOS DE PERCUSSÃO. AF_08/2023 | B74: =B30 -> 1520 | C74: M3 | D74: =N74 -> 17.89 | E74: =O74 -> 8.33 | H74: 1.2085 | I74: 10.91 | J74: 5.08 | K74: =I74/(I74+J74) -> 0.68230144 | L74: =J74/(I74+J74) -> 0.31769856 | M74: ='Drenagem trecho 2'!$M$88 -> 21.7 | N74: =TRUNC(H74*K74*M74,2) -> 17.89 | O74: =TRUNC(H74*L74*M74,2) -> 8.33
D75: =TRUNC(B74*D74,2) -> 27192.8 | E75: =TRUNC(B74*E74,2) -> 12661.6 | F75: =D75+E75 -> 39854.4
C77: Un | D77: Material | E77: Mão-de-Obra | F77: Total
A78: Total de REATERRO E COMPACTAÇÃO | D78: =D69+D71+D73+D75 -> 76081.15 | E78: =E69+E71+E73+E75 -> 49342.18 | F78: =F69+F71+F73+F75 -> 125423.33 | G78: =D78+E78 -> 125423.33
A80: 6. POÇO DE VISITA E CAIXA DE LIGAÇÃO
A81: =$A$163 -> COMPOSIÇÃO 01 - POR M3 DE CAIXA DE INSPEÇÃO/PASSAGEM (2X2M INTERNA) UNIÃO OU MUDANÇA DE DIREÇÃO - ESPESSURA MÍNIMA DE 20 CM - FCK 25 MPA | B81: 6 | C81: UNI | D81: =D178 -> 1391.37 | E81: =E178 -> 524.73
D82: =TRUNC(B81*D81,2) -> 8348.22 | E82: =TRUNC(B81*E81,2) -> 3148.38 | F82: =D82+E82 -> 11496.6
A83: COMPOSIÇÃO 02 - POR UNIDADE DE BASE/FUNDAÇÃO DE CAIXA DE INSPEÇÃO/PASSAGEM (ESPESSURA MÍNIMA DE 25 CM CONCRETO FCK 25 MPA) | B83: 6 | C83: UNI | D83: =D195 -> 1276.04 | E83: =E195 -> 217.16
D84: =TRUNC(B83*D83,2) -> 7656.24 | E84: =TRUNC(B83*E83,2) -> 1302.96 | F84: =D84+E84 -> 8959.2
A85: COMPOSIÇÃO 03 - POR UNIDADE DE TAMPA/LAJE DE FECHAMENTO DE CAIXA DE INSPEÇÃO/PASSAGEM (ESPESSURA MÍNIMA DE 25 CM CONCRETO FCK 25 MPA) TAMPA DE 80X80CM | B85: 6 | C85: UNI | D85: =D216 -> 2813.26 | E85: =E216 -> 299.52
D86: =TRUNC(B85*D85,2) -> 16879.56 | E86: =TRUNC(B85*E85,2) -> 1797.12 | F86: =D86+E86 -> 18676.68
A87: 0705225 Boca de BSCC 1,50 x 1,50 m - esconsidade 0° - areia e brita comerciais | B87: 1 | C87: Und. | D87: 10741.09 | E87: 0
A88: Saída de água em direção a sanga. | D88: =TRUNC(B87*D87,2) -> 10741.09 | E88: =TRUNC(B87*E87,2) -> 0 | F88: =D88+E88 -> 10741.09
C90: Un | D90: Material | E90: Mão-de-Obra | F90: Total
A91: Total de POÇO DE VISITA E CAIXA DE LIGAÇÃO | D91: =D84+D86+D82+D88 -> 43625.11 | E91: =E84+E86+E82+E88 -> 6248.46 | F91: =F84+F86+F82+F88 -> 49873.57 | G91: =D91+E91 -> 49873.57
A93: 7. SERVIÇOS DE DESMONTE DE SOLO DE 3º CATEGORIA (POSSIBILIDADE) * Caso não nescessário, será suprimido, estipulado em largura de até 2,5 m e altura de 1,0 m para rua do Tanque e entroncamento rua Pain Filho. Será pago por conferência no local.
A94: SICRO 5500991 Desmonte de blocos de rocha com martelete pneumático - MANUALMENTE | B94: 80 | C94: M3 | D94: =N94 -> 106.02 | E94: =O94 -> 144.84 | H94: 1.2085 | I94: 92.45 | J94: 126.3 | K94: =I94/(I94+J94) -> 0.42262857 | L94: =J94/(I94+J94) -> 0.57737143 | M94: ='Drenagem trecho 2'!$M$120 -> 207.59 | N94: =TRUNC(H94*K94*M94,2) -> 106.02 | O94: =TRUNC(H94*L94*M94,2) -> 144.84
D95: =TRUNC(B94*D94,2) -> 8481.6 | E95: =TRUNC(B94*E94,2) -> 11587.2 | F95: =D95+E95 -> 20068.8
A96: SICRO 5502972 Escavação de vala em material de 3ª categoria - resistência à compressão acima de 110 MPa - com escavadeira e rompedor Demolição mecânica de concreto simples com escavadeira hidráulica hidráulico 1.700 kg | B96: 261.5 | C96: M3 | D96: =N96 -> 231.66 | E96: =O96 -> 22.55 | H96: 1.2085 | I96: 185.61 | J96: 18.07 | K96: =I96/(I96+J96) -> 0.9112824 | L96: =J96/(I96+J96) -> 0.088717596 | M96: ='Drenagem trecho 2'!$M$122 -> 210.36 | N96: =TRUNC(H96*K96*M96,2) -> 231.66 | O96: =TRUNC(H96*L96*M96,2) -> 22.55
D97: =TRUNC(B96*D96,2) -> 60579.09 | E97: =TRUNC(B96*E96,2) -> 5896.82 | F97: =D97+E97 -> 66475.91
A98: SICRO 5914359 Transporte com caminhão basculante de 10 m³ - rodovia em leito natural, até 6 km | B98: =((B94+B96)*1.8)*6 -> 3688.2 | C98: M3xkm | D98: =N98 -> 1.57 | E98: =O98 -> 0 | H98: 1.2085 | I98: 5.02 | J98: 0 | K98: =I98/(I98+J98) -> 1 | L98: =J98/(I98+J98) -> 0 | M98: ='Drenagem trecho 2'!$M$124 -> 1.3 | N98: =TRUNC(H98*K98*M98,2) -> 1.57 | O98: =TRUNC(H98*L98*M98,2) -> 0
D99: =TRUNC(B98*D98,2) -> 5790.47 | E99: =TRUNC(B98*E98,2) -> 0 | F99: =D99+E99 -> 5790.47
A100: 102310 ESCAVAÇÃO MECANIZADA DE VALA COM PROF.MAIOR QUE 4,5 M ATÉ 6,0 M (MÉDIA MONTANTE E JUSANTE/UMA COMPOSIÇÃO POR TRECHO),COM ESCAVADEIRA (0,8 M3), LARG. MENOR QUE 1,5 M, EM SOLO DE 2A | B100: =B96+B94 -> 341.5 | C100: M3 | D100: =N100 -> 9.78 | E100: =O100 -> 3.23 | H100: 1.2085 | I100: 4.51 | J100: 1.49 | K100: =I100/(I100+J100) -> 0.75166667 | L100: =J100/(I100+J100) -> 0.24833333 | M100: ='Drenagem trecho 2'!$M$126 -> 10.77 | N100: =TRUNC(H100*K100*M100,2) -> 9.78 | O100: =TRUNC(H100*L100*M100,2) -> 3.23
D101: =TRUNC(B100*D100,2) -> 3339.87 | E101: =TRUNC(B100*E100,2) -> 1103.04 | F101: =D101+E101 -> 4442.91
A102: 102357 DESMONTE DE MATERIAL DE 3ª CATEGORIA, COM USO DE ARGAMASSA EXPANSIVA, EM VALA - EXCLUSIVE RETIRADA, CARGA E TRANSPORTE. AF_03/2021 (base 12/2025) (caso necessário) | B102: 80 | C102: M3 | D102: =N102 -> 154.26 | E102: =O102 -> 115.81 | H102: ='Drenagem trecho 2'!H128 -> 1.2085 | I102: ='Drenagem trecho 2'!I128 -> 127.65 | J102: ='Drenagem trecho 2'!J128 -> 95.83 | K102: ='Drenagem trecho 2'!K128 -> 0.57119205 | L102: ='Drenagem trecho 2'!L128 -> 0.42880795 | M102: ='Drenagem trecho 2'!M128 -> 223.48 | N102: =TRUNC(H102*K102*M102,2) -> 154.26 | O102: =TRUNC(H102*L102*M102,2) -> 115.81
D103: =TRUNC(B102*D102,2) -> 12340.8 | E103: =TRUNC(B102*E102,2) -> 9264.8 | F103: =D103+E103 -> 21605.6
A104: Argamassa expansiva e aplicação (caso necessário) | B104: 300 | C104: Kg | D104: 35 | E104: 10
D105: =TRUNC(B104*D104,2) -> 10500 | E105: =TRUNC(B104*E104,2) -> 3000 | F105: =D105+E105 -> 13500
C108: Un | D108: Material | E108: Mão-de-Obra | F108: Total
A109: Total de SERVIÇOS DE DESMONTE DE SOLO DE 3º CATEGORIA | D109: =D95+D97+D99+D101+D103+D105 -> 101031.83 | E109: =E95+E97+E99+E101+E103+E105 -> 30851.86 | F109: =F95+F97+F99+F101+F103+F105 -> 131883.69 | G109: =D109+E109 -> 131883.69
A111: 8. SERVIÇOS FINAIS
A112: 90775 DESENHISTA PROJETISTA COM ENCARGOS COMPLEMENTARES cadastro de rede e caixas de captação. | B112: 32 | C112: H | D112: =N112 -> 9.41 | E112: =O112 -> 39.06 | H112: 1.2085 | I112: 0.2 | J112: 0.83 | K112: =I112/(I112+J112) -> 0.19417476 | L112: =J112/(I112+J112) -> 0.80582524 | M112: ='Drenagem trecho 2'!$M$137 -> 40.11 | N112: =TRUNC(H112*K112*M112,2) -> 9.41 | O112: =TRUNC(H112*L112*M112,2) -> 39.06
D113: =TRUNC(B112*D112,2) -> 301.12 | E113: =TRUNC(B112*E112,2) -> 1249.92 | F113: =D113+E113 -> 1551.04
A114: 88316 SERVENTE COM ENCARGOS COMPLEMENTARES (LIMPEZA E VARRIÇÃO DE OBRA FINAL 2 MIN/M2) | B114: =B19*5 -> 5400 | C114: M2 | D114: =N114*0.02 -> 0.0984 | E114: =O114*0.02 -> 0.468 | H114: 1.2085 | I114: 0.08 | J114: 0.38 | K114: =I114/(I114+J114) -> 0.17391304 | L114: =J114/(I114+J114) -> 0.82608696 | M114: ='Drenagem trecho 2'!$M$139 -> 23.44 | N114: =TRUNC(H114*K114*M114,2) -> 4.92 | O114: =TRUNC(H114*L114*M114,2) -> 23.4
D115: =TRUNC(B114*D114,2) -> 531.36 | E115: =TRUNC(B114*E114,2) -> 2527.2 | F115: =D115+E115 -> 3058.56
...
